 Dungeon Crawl Stone Soup version 0.20.1-1-g8b1a95d (webtiles) character file.

582 pstr the Conjurer (level 7, -5/54 HPs)
             Began as a Kobold Conjurer on Nov 17, 2017.
             Slain by Pikel
             ... wielding a +2 whip of electrocution
              (19 damage)
             ... on level 4 of the Dungeon.
             The game lasted 00:14:45 (5938 turns).

pstr the Conjurer (Kobold Conjurer)                 Turns: 5938, Time: 00:14:46

Health: -5/54      AC: 23    Str: -2 (1)  XL:     7   Next: 63%
Magic:  23/23      EV:  3    Int: 15 (18) God:
Gold:   146        SH:  0    Dex: 13 (15) Spells: 12/15 levels left

rFire    . . .     SeeInvis .   e - +1 club
rCold    . . .     Gourm    .   (shield restricted)
rNeg     + + +     Faith    .   (armour currently unavailable)
rPois    +         Spirit   .   (helmet currently unavailable)
rElec    .         Reflect  .   (cloak currently unavailable)
rCorr    .         Harm     .   (gloves currently unavailable)
MR       .....     NoTele   +   (boots currently unavailable)
Stlth    +++.......             (no amulet)
Regen    0.1/turn               h - -5 ring of strength (curse)
MPRegen  0.2/turn               t - ring of magical power

@: tree-form, very slightly contaminated, hasted and slowed, lost strength
A: carnivore 3
a: no special abilities


You were on level 4 of the Dungeon.
You were very full.
You were a tree.
You visited 1 branch of the dungeon, and saw 4 of its levels.

You collected 146 gold pieces.

Inventory:

Hand Weapons
 e - a +1 club (weapon)
Missiles
 p - 70 stones (quivered)
 q - 77 arrows
Armour
 a - a +0 robe
 g - a +2 ring mail of positive energy (melded)
Jewellery
 h - a cursed -5 ring of strength (left branch)
 s - an uncursed ring of wizardry
 t - a ring of magical power (right branch)
Scrolls
 d - a scroll of identify
 f - a scroll of magic mapping
Potions
 j - a potion of haste
 n - a potion of lignification
 w - 2 potions of resistance {unknown}
 x - a potion of berserk rage {unknown}
 A - a potion of brilliance {unknown}
Books
 b - a book of Conjurations

   Spells                             Type                      Level
   a - Magic Dart                     Conjuration                  1
   b - Searing Ray                    Conjuration                  2
   c - Dazzling Spray                 Conjuration/Hexes            3
   d - Fulminant Prism                Conjuration/Hexes            4
   e - Force Lance                    Conjuration/Translocation    4
   f - Iskenderun's Mystic Blast      Conjuration                  4
Comestibles
 c - 4 meat rations
 m - 2 royal jellies


   Skills:
 + Level 1.2 Maces & Flails
 + Level 4.4 Dodging
 + Level 4.5 Stealth
 + Level 4.9 Spellcasting
 + Level 5.8 Conjurations


You had 12 spell levels left.
You knew the following spells:

 Your Spells              Type           Power        Failure   Level  Hunger
a - Magic Dart            Conj           ###.         1%          1    None
b - Searing Ray           Conj           ###...       2%          2    ##.....


Dungeon Overview and Level Annotations

Branches:
Dungeon (4/15)
 Temple: D:4-7

Altars:
Dithmenos
Fedhas
Hepliaklqana
Sif Muna

Annotations:
D:4 Pikel


Innate Abilities, Weirdness & Mutations

You are small and have problems with some larger weapons.
You are carnivorous and can eat meat at any time.


Message History

You are electrocuted!
It was a potion of degeneration.
There was something very wrong with that liquid.
You feel weakened.
You have lost your strength.
You feel dopey.
You feel clumsy.
Pikel hits you with a whip of electrocution.
* * * LOW HITPOINT WARNING * * *
Pikel barely misses you.
You can move again.
It was a potion of lignification.
You turn into a tree.
Your +2 ring mail of positive energy melds into your body.
You feel less protected from negative energy.
Your roots penetrate the ground.
Pikel hits you with a whip of electrocution.
* * * LOW HITPOINT WARNING * * *
It was a potion of haste.
You feel yourself speed up. Pikel hits you but does no damage. x2
It was a potion of magic.
Magic courses through your body. Pikel hits you but does no damage.
You are electrocuted!
You die...

#.####### #....#
#.#...... #.......#
#....########...#####
#######.#
#...##.........## #
#.# ##.###.#########
# #.# #.# #.# # #.#
#.# #.# # #.#
##.###.# # #.#
##.#.##.##### #######
#.# #.###♣).....#
#...... #.#
##.#K##.....# #.#####
#.# ##.######..# #.#
#.# ##)..## #..# #.#
##.####.....# #..#
#.# # ##...........##
#..# #.# ##
#####.#...........#
#..# #.# #.
.........####.(.#.#
#..# #.# #.
#####.#.##
##(##.###..####.####.


You could see Pikel.

Vanquished Creatures
  4 slaves (D:4)
  2 ogres (D:4)
  An orc priest (D:4)
  An iguana (D:4)
  4 orc wizards
  3 worker ants (D:4)
  A howler monkey skeleton (D:2)
  7 adders
  2 oozes (D:2)
  2 worms
  A dart slug (D:4)
  4 leopard geckos
  9 orcs
  8 bats
  4 giant cockroaches
  12 goblins
  12 hobgoblins
  5 jackals (D:2)
  A quokka (D:4)
  2 ball pythons
  7 frilled lizards
  5 kobolds
  A quokka skeleton (D:4)
  9 rats
107 creatures vanquished.

Notes
Turn   | Place    | Note
-------+----------+-------------------------------------------
     0 | D:1      | pstr the Kobold Conjurer began the quest for the Orb.
     0 | D:1      | Reached XP level 1. HP: 10/10 MP: 3/3
   386 | D:1      | Reached XP level 2. HP: 15/15 MP: 0/5
   390 | D:1      | Learned a level 2 spell: Searing Ray
  1022 | D:1      | Reached XP level 3. HP: 19/19 MP: 3/6
  1725 | D:2      | Reached XP level 4. HP: 24/24 MP: 0/7
  2191 | D:2      | Found a shadowy altar of Dithmenos.
  2215 | D:2      | Found a blossoming altar of Fedhas.
  2290 | D:2      | Found a hazy altar of Hepliaklqana.
  2368 | D:2      | Reached XP level 5. HP: 25/28 MP: 0/9
  2660 | D:2      | Reached skill level 1 in Maces & Flails
  2734 | D:2      | Reached skill level 5 in Conjurations
  2973 | D:2      | Found a deep blue altar of Sif Muna.
  3546 | D:3      | Reached XP level 6. HP: 21/32 MP: 11/11
  4746 | D:4      | Noticed an ogre
  4752 | D:4      | Killed an ogre
  4843 | D:4      | Reached XP level 7. HP: 35/36 MP: 13/13
  5240 | D:4      | Found a blossoming altar of Fedhas.
  5242 | D:4      | Noticed Pikel
  5934 | D:4      | Lost strength.
  5938 | D:4      | Slain by Pikel

Skill      XL: |  1  2  3  4  5  6 |
---------------+-------------------+-----
Dodging        | 3 4 |  4.4
Spellcasting   | 3 4 |  4.9
Maces & Flails | 1 |  1.2
Conjurations   | 5 |  5.8
Stealth        | 3 4 |  4.5

Action                   |  1- 3 |  4- 6 |  7- 9 || total
-------------------------+-------+-------+-------++-------
Melee: Club              |    13 |    12 |       ||    25
 Cast: Magic Dart        |    69 |    55 |     6 ||   130
       Searing Ray       |     2 |    29 |    19 ||    50
  Use: Potion            |       |     1 |     6 ||     7
       Scroll            |       |       |     8 ||     8
  Eat: Chunk             |    12 |    10 |     2 ||    24
Armor: Robe              |     8 |     3 |     1 ||    12
       Ring mail         |       |       |     8 ||     8
       Skin              |       |       |     3 ||     3
Dodge: Dodged            |    37 |    35 |    29 ||   101
